 Dungeon Crawl Stone Soup version 0.28-a0-863-g8cecda6153 (webtiles) character file.

Game seed: 9966502953774384797

1675 siradein the Skirmisher (level 8, -2/96 HPs)
             Began as a Demonspawn Fighter on Nov 18, 2021.
             Was an Initiate of Gozag.
             Succumbed to Duvessa's poison
             ... on level 6 of the Dungeon.
             The game lasted 00:16:55 (7271 turns).

siradein the Skirmisher (Demonspawn Fighter)        Turns: 7271, Time: 00:16:56

Health: -2/96      AC: 24    Str: 18    XL:     8   Next: 70%
Magic:  8/8        EV:  2    Int: 11    God:    Gozag
Gold:   236        SH:  5    Dex: 12    Spells: 7/7 levels left

rFire   . . .      SeeInvis .   k - +1 dagger (venom)
rCold   . . .      Faith    .   c - +0 buckler
rNeg    . . .      Spirit   .   (armour currently unavailable)
rPois   +          Reflect  .   (helmet currently unavailable)
rElec   .          Harm     .   (cloak currently unavailable)
rCorr   .          Rampage  .   (gloves currently unavailable)
Will    .....      NoTele   +   (boots currently unavailable)
Stlth   +.........              (no amulet)
HPRegen 0.26/turn               (no ring)
MPRegen 0.11/turn               (no ring)

@: mighty, lethally poisoned (-2 -> -23), tree-form, hasted, invisible, very
quick
A: stationary, stasis, torment immunity, boosted hp, (hooves 1), powered by
death 1, (sturdy frame 3)
a: Renounce Religion, Potion Petition, Call Merchant, Bribe Branch


You were on level 6 of the Dungeon.
You worshipped Gozag.
Gozag was aware of your devotion.
You were a tree.
You visited 2 branches of the dungeon, and saw 7 of its levels.
You also visited: Sewer.

You collected 304 gold pieces.
You paid 68 gold pieces to Gozag.

Inventory:

Hand Weapons
 a - a +0 long sword
 k - a +1 dagger of venom (weapon)
Missiles
 g - 136 stones (quivered)
 h - 5 javelins
 i - a throwing net
 n - 43 poisoned darts
 w - a curare-tipped dart
Armour
 b - a +0 scale mail (melded)
 c - a +0 buckler (worn)
 s - a +0 pair of boots (melded)
Wands
 x - a wand of flame (13)
Scrolls
 f - 3 scrolls of teleportation
 l - a scroll of blinking
 o - 2 scrolls of magic mapping {unknown}
 q - a scroll of fear
 v - a scroll of amnesia {unknown}
Potions
 d - a potion of might
 e - a potion of lignification
 p - a potion of berserk rage {unknown}
 r - 2 potions of attraction {unknown}
 t - a potion of curing {unknown}
 u - a potion of magic {unknown}


   Skills:
 + Level 6.2 Fighting
 + Level 5.3 Long Blades
 + Level 5.7 Armour
 + Level 5.7 Shields


You had 7 spell levels left.
You didn't know any spells.
Your spell library contained the following spells:

 Spells                   Type           Power      Damage    Failure   Level
 Sting                    Tmut/Pois      0%         1d3       34%         1
 Blink                    Tloc           0%         N/A       47%         2
 Corpse Rot               Necr/Air       0%         N/A       47%         2
 Frozen Ramparts          Ice            0%         1d2       71%         3
 Gell's Gravitas          Tloc           0%         N/A       71%         3
 Teleport Other           Tloc           0%         N/A       71%         3
 Dispel Undead            Necr           0%         3d6       98%         4
 Manifold Assault         Tloc           0%         N/A       100%        5
 Death Channel            Necr           0%         N/A       100%        6
 Dispersal                Tloc           0%         N/A       100%        6
 Storm Form               Tmut/Air       0%         N/A       100%        7


Dungeon Overview and Level Annotations

Branches:
Dungeon (6/15)             Temple (1/1) D:5           Sewer (visited)

Altars:
Cheibriados
Dithmenos
Fedhas
Gozag
Nemelex Xobeh
Okawaru
Ru
Vehumet
Xom
The Shining One

Shops:
D:3 (

Annotations:
D:3 1 runed translucent door, Crazy Yiuf
D:6 Dowan, Duvessa


Innate Abilities, Weirdness & Mutations

You are a tree.
Your roots penetrate the ground, keeping you stationary.
You cannot be teleported.
You are immune to unholy pain and torment.
Your maximum health is greatly increased.
Your equipment is partially melded.
((You have large cloven feet.))
You regenerate a little health from kills.
((Your movements are significantly less encumbered by armour. (ER -6)))


Message History

Duvessa hits you but does no damage.
You are more poisoned.
You hit Duvessa.
Duvessa is poisoned.
Duvessa is lightly wounded.
You feel very sick. You block Duvessa's attack.
Dowan gestures wildly while chanting.
Dowan blinks!
Duvessa hits you with a +2 short sword of venom!
You are lethally poisoned!
You feel very mighty all of a sudden.
You feel extremely sick.
Dowan casts a spell.
Dowan blinks!
Duvessa hits you but does no damage.
You are more poisoned.
You hit Duvessa but do no damage.
Duvessa looks as sick as possible!
Duvessa is lightly wounded.
* * * LOW HITPOINT WARNING * * *
You feel extremely sick. You block Duvessa's attack.
Dowan points at you and mumbles some strange words.
The puff of frost misses you.
It was a potion of lignification.
You turn into a tree.
Your +0 pair of boots melds into your body.
Your +0 scale mail melds into your body.
Your roots penetrate the ground.
* * * LOW HITPOINT WARNING * * *
You feel extremely sick.
Duvessa hits you with a +2 short sword of venom.
* * * LOW HITPOINT WARNING * * *
Duvessa hits you but does no damage.
It was a potion of haste.
You feel yourself speed up.
* * * LOW HITPOINT WARNING * * *
You feel very sick.
Duvessa hits you with a +2 short sword of venom.
* * * LOW HITPOINT WARNING * * *
It was a potion of invisibility.
You fade into invisibility!
You die...
Your body crumbles into a pile of gold.

#≈.§...≈. #................#
#§.≈._.≈§§#####.#..........#
#§§≈.§.≈.§ ####.##.........#
#≈..≈≈≈§§≈##<...##.........#
#.§≈≈≈§≈§§#..#####.........#
#§§.......#.## #..e......#
.#########.## #.........#
.######.#..#######.........#
...............e♣..........#
...#.........#####.........#
###..#######....############
......# ##.#...... ......#
#..>..... ......# #e.......
......# ..#.##### ......#
...#..# ....### e..#....(


You could see Duvessa (fast, extremely poisoned) and Dowan.

Vanquished Creatures
  Grinder (D:5)
  Prince Ribbit (D:6)
  Sigmund (D:4)
  Edmund (D:5)
  6 kobold brigands (Sewer)
  A jelly (D:5)
  5 iguanas
  Jessica (D:3)
  Natasha (thrice) (D:3)
  A howler monkey zombie (D:6)
  7 gnolls
  7 adders
  A howler monkey skeleton (D:6)
  2 river rats (Sewer)
  2 shadow imps
  A white imp (D:5)
  8 worms
  3 dart slugs
  4 orcs
  12 ball pythons
  5 bats
  7 endoplasms
  8 giant cockroaches
  8 goblins
  5 hobgoblins
  7 jackals
  13 kobolds
  4 quokkas
  A frilled lizard (D:3)
  10 rats
136 creatures vanquished.

Notes
Turn   | Place    | Note
-------+----------+-------------------------------------------
     0 | D:1      | siradein the Demonspawn Fighter began the quest for the
                  | Orb.
     0 | D:1      | Reached XP level 1. HP: 18/18 MP: 1/1
   109 | D:1      | Gained mutation: You have large cloven feet. [demonic
                  | ancestry]
   109 | D:1      | Reached XP level 2. HP: 24/24 MP: 2/2
   141 | D:1      | Got Cekhlish's Disquisition on Moulding and the Snowflakes
   784 | D:1      | Gained mutation: Your movements are slightly less
                  | encumbered by armour. (ER -2) [demonic ancestry]
   784 | D:1      | Reached XP level 3. HP: 28/29 MP: 3/3
  1570 | D:2      | Gained mutation: Your movements are less encumbered by
                  | armour. (ER -4) [demonic ancestry]
  1570 | D:2      | Reached XP level 4. HP: 32/35 MP: 4/4
  2335 | D:3      | Noticed Jessica
  2339 | D:3      | Killed Jessica
  2356 | D:3      | Reached XP level 5. HP: 39/42 MP: 5/5
  2635 | D:3      | Found a sacrificial altar of Ru.
  2636 | D:3      | Noticed Natasha
  2647 | D:3      | Killed Natasha
  2723 | D:3      | Noticed Natasha
  2732 | D:3      | Killed Natasha
  2733 | D:3      | Reached skill level 4 in Fighting
  2868 | D:3      | Noticed Natasha
  2874 | D:3      | Killed Natasha
  2910 | D:3      | Found Zuth's Weapon Shop.
  2977 | D:3      | Found a runed translucent door.
  2978 | D:3      | Noticed Crazy Yiuf
  3032 | D:3      | Found an iron altar of Okawaru.
  3036 | D:3      | Found a blossoming altar of Fedhas.
  3041 | D:3      | Found a shimmering altar of Xom.
  3468 | D:4      | Reached XP level 6. HP: 42/48 MP: 6/6
  4041 | D:4      | Noticed Sigmund
  4058 | D:4      | Killed Sigmund
  4325 | D:4      | Gained mutation: You regenerate a little health from kills.
                  | [demonic ancestry]
  4325 | D:4      | Reached XP level 7. HP: 47/55 MP: 7/7
  4683 | D:5      | Entered Level 5 of the Dungeon
  4773 | D:5      | Noticed Edmund
  4791 | D:5      | Killed Edmund
  4792 | D:5      | Reached skill level 5 in Fighting
  4836 | D:5      | Found a glowing drain.
  4858 | Sewer    | Entered a sewer
  5735 | Sewer    | Reached skill level 5 in Armour
  5735 | Sewer    | Reached skill level 5 in Shields
  5735 | Sewer    | Gained mutation: Your movements are significantly less
                  | encumbered by armour. (ER -6) [demonic ancestry]
  5735 | Sewer    | Reached XP level 8. HP: 57/63 MP: 8/8
  6236 | D:5      | Found a staircase to the Ecumenical Temple.
  6253 | Temple   | Entered the Ecumenical Temple
  6261 | Temple   | Became a worshipper of Gozag Ym Sagoz the Greedy
  6274 | D:5      | Noticed Grinder
  6276 | D:5      | Paralysed by Grinder for 5 turns
  6286 | D:5      | Paralysed by Grinder for 6 turns
  6295 | D:5      | Killed Grinder
  6296 | D:5      | Reached skill level 5 in Long Blades
  6459 | D:5      | Reached skill level 6 in Fighting
  6705 | D:5      | Found a shadowy altar of Dithmenos.
  6828 | D:6      | Found a sparkling altar of Nemelex Xobeh.
  7054 | D:6      | Noticed Prince Ribbit
  7082 | D:6      | Killed Prince Ribbit
  7250 | D:6      | Noticed Duvessa
  7251 | D:6      | Noticed Dowan
  7270 | D:6      | HP: 3/96 [poisoned by Duvessa]
  7270 | D:6      | HP: 1/96 [Duvessa (2)]
  7271 | D:6      | Succumbed to Duvessa's poison

Illustrated notes

Levels and vault maps discovered:
D:1:      amcnicky_arrival_single_pillar, layout_basic, minmay_strange_pillars,
          minmay_pentomino_z2
D:2:      layout_basic
D:3:      layout_loops_cross, mainiacjoe_overflow_concentric_impassable,
          grunt_temple_overflow_diamond, serial_shops,
          nicolae_shop_advertising_works [nicolae_subvault_shop_adworks],
          nicolae_wormholes, uniq_crazy_yiuf_cottage, uniq_jessica, uniq_natasha
D:4:      layout_basic, uniq_sigmund
D:5:      layout_basic, kennysheep_mini, minmay_temple_entry_mist,
          portal_sewer_entry_f, uniq_grinder, uniq_edmund
D:6:      layout_rooms, mainiacjoe_overflow_paths, lemuel_crystal_altar,
          trog_wizard, serial_shops, nicolae_shop_hallway_plus,
          kennysheep_pointless_box, minmay_door_square, uniq_prince_ribbit1,
          uniq_duvessa
Temple:   eino_wide_crystal_templ

Skill      XL: |  1  2  3  4  5  6  7  8 |
---------------+-------------------------+-----
Long Blades    | 2 3 4 5 |  5.3
Armour         | 3 4 5 |  5.7
Shields        | 3 4 5 |  5.7
Fighting       | 4 5 6 |  6.2

Action                   |  1- 3 |  4- 6 |  7- 9 || total
-------------------------+-------+-------+-------++-------
Melee: Long sword        |    68 |       |    11 ||    79
       Kick              |    22 |    56 |    54 ||   132
       Dagger            |    46 |   158 |   253 ||   457
Throw: Dart              |       |       |     5 ||     5
  Use: Scroll            |       |       |     5 ||     5
       Potion            |       |       |     5 ||     5
Armor: Scale mail        |    60 |    38 |    64 ||   162
       Skin              |       |       |     1 ||     1
Dodge: Dodged            |    60 |    51 |    72 ||   183
Block: Buckler           |    28 |    17 |    42 ||    87

Table legend: (Time is in decaauts)
 A = Elapsed time spent in this place.
 B = Non-inter-level travel time spent in this place.
 C = Inter-level travel time spent in this place.
 D = Time resting spent in this place.
 E = Time spent auto-exploring this place.
 F = Levels seen in this place.
 G = Mean time per level.
                   A        B        C        D        E       F      G
               +--------+--------+--------+--------+--------+-----+--------+
         Total |   7436 |   7278 |    158 |    239 |   5752 |   8 |  929.5 |
       Dungeon |   5917 |   5759 |    158 |     94 |   4680 |   6 |  986.2 |
        Temple |     15 |     15 |      0 |      0 |      0 |   1 |   15.0 |
         Sewer |   1503 |   1503 |      0 |    145 |   1071 |   1 | 1503.0 |
               +--------+--------+--------+--------+--------+-----+--------+

Top non-repeatable levels by time:
   Sewer: 1503 daAuts
     D:4: 1370 daAuts
     D:3: 1272 daAuts
     D:1: 1063 daAuts
     D:2: 988 daAuts
     D:5: 783 daAuts
     D:6: 438 daAuts
  Temple: 15 daAuts
